 Dungeon Crawl Stone Soup version 0.30.2 (webtiles) character file.

Game seed: 2122817905461176524

1526 LowPressure the Basher (level 8, -1/63 HPs)
             Began as a Minotaur Berserker on Jan 29, 2024.
             Was a Priest of Trog.
             Slain by a wight
             ... wielding a +3 great sword
              (17 damage)
             ... on level 7 of the Dungeon.
             The game lasted 00:12:18 (5311 turns).

LowPressure the Basher (Minotaur Berserker)         Turns: 5311, Time: 00:12:18

Health: -1/63      AC:  9    Str: 23 (24) XL:     8   Next: 54%
Magic:  7/7        EV: 11    Int:  4      God:    Trog [***...]
Gold:   350        SH:  0    Dex:  6 (8)  Spells: 7/7 levels left

rFire   . . .        k - +1 great mace (heavy)
rCold   . . .        (shield currently unavailable)
rNeg    . . .        B - +0 ring mail
rPois   .            x - +1 hat
rElec   .            (no cloak)
rCorr   .            (no gloves)
SInv    .            w - +2 pair of boots
Will    .....        (no amulet) Stlth
                     (no ring)
HPRegen 0.30/turn    (no ring)
MPRegen 0.10/turn

%: no passive effects
@: on berserk cooldown, slowed, very slow
A: horns 2, retaliatory headbutt, clumsy 1, deterioration 1, frail 1, subdued
magic 1
a: Renounce Religion, Berserk, Trog's Hand


You were on level 7 of the Dungeon.
You worshipped Trog.
Trog was most pleased with you.
You visited 2 branches of the dungeon, and saw 8 of its levels.

You collected 350 gold pieces.

Inventory:

Hand Weapons
 a - a +0 hand axe
 k - a +1 heavy great mace (weapon)
Armour
 b - a +0 animal skin
 w - a +2 pair of boots (worn)
 x - a +1 hat (worn)
 A - a +1 helmet
 B - a +0 ring mail (worn)
Jewellery
 z - a ring of positive energy
Wands
 F - a wand of mindburst (6)
Scrolls
 c - 2 scrolls of magic mapping {unknown}
 f - 2 scrolls of fog {unknown}
 h - 3 scrolls of enchant armour {unknown}
 j - a scroll of immolation {unknown}
 l - a scroll of poison {unknown}
 n - a scroll of brand weapon {unknown}
 o - 2 scrolls of blinking {unknown}
 p - 4 scrolls of identify {unknown}
 q - 2 scrolls of teleportation {unknown}
 s - a scroll of silence {unknown}
 y - 2 scrolls of vulnerability {unknown}
 C - a scroll of noise {unknown}
 E - a scroll of amnesia {unknown}
Potions
 d - a potion of haste {unknown}
 e - 4 potions of curing
 g - 3 potions of mutation
 i - a potion of degeneration
 m - a potion of invisibility {unknown}
 r - 4 potions of heal wounds {unknown}
 t - a potion of flight {unknown}
 u - a potion of ambrosia {unknown}
 v - a potion of resistance
 D - a potion of lignification {unknown}


   Skills:
 + Level 6.8 Fighting
 + Level 4.6(7.3) Axes
 + Level 8.9(9.4) Maces & Flails
 + Level 3.3 Armour
 + Level 5.9 Dodging
 - Level 0.1 Stealth


You had 7 spell levels left.
You didn't know any spells.
Your spell library was empty.

Dungeon Overview and Level Annotations

Branches:
Dungeon (7/15)             Temple (1/1) D:6

Altars:
Ashenzari
Dithmenos
Fedhas
Kikubaaqudgha
Makhleb
Qazlal
Ru
Sif Muna
Trog
Uskayaw
Xom
Yredelemnul
Zin

Shops:
D:3 (   D:4 :   D:5 [


Innate Abilities, Weirdness & Mutations

You have a pair of horns on your head.
You reflexively headbutt those who attack you in melee.
You are clumsy. (Dex -2)
Your body sometimes deteriorates upon taking damage.
You are frail. (-10% HP)
Your spells are a little easier to cast, but a little less powerful.


Message History

Beogh smites you!
* * * LOW HITPOINT WARNING * * *
Your body deteriorates!
You feel weakened.
The orc wizard hits you but does no damage.
You bludgeon the orc wizard!!
You kill the orc wizard!
Trog accepts your kill.
Trog appreciates your killing of a magic user.
The orc priest closely misses you. You furiously retaliate!
You headbutt the orc priest!
You feel your intelligence returning.
You bludgeon the orc priest!!
You kill the orc priest!
Trog accepts your kill.
You hit the orc.
The orc is severely wounded.
The orc hits you with a +0 hand axe.
* * * LOW HITPOINT WARNING * * *
You completely miss the orc.
The orc is severely wounded.
The orc hits you but does no damage.
You beat the orc like a drum!!!
You feel the power of Trog in you as your rage grows.
You kill the orc!
Trog accepts your kill.
Items here: )))))) [[[[[ †††.
You feel a strong urge to attack something.
Items here: )) [ ††.
You start resting.
You feel your anger nearly subside.
You are no longer berserk.
You are exhausted.
You feel yourself slow down.
You start resting.
A wight comes into view. It is wielding a +3 great sword.
A wight comes into view. It is wielding a +3 spear.
A wight comes into view. It is wielding a +0 hand axe.
The wight barely misses you. The wight attacks as you move away!
The wight misses you.
The wight hits you with a +3 great sword!
You die...

#..# .# #..# ##### .## #.
#..## ...# ..# #.
#.###...## ##.###.#z...
#.##.###.## #...))...z..
#.#.## ##.# #..###.##.#.
###.#.# #.# #........#
#.....## ##.#####.####..##
#...>..###.@z....[.# ...#
#........)....####........
#.....#..####.# ####..##.
#.....##.# #.# ..# ..
########<# #.. #.# ####
#.# #.# #..


You could see a wight.

Vanquished Creatures
  An orc warrior (D:7)
  2 ice beasts
  An ogre (D:5)
  Blork the orc (D:5)
  A bullfrog (D:6)
  5 scorpions
  A howler monkey (D:5)
  3 hounds
  A gnoll bouda (D:5)
  An orc priest (D:7)
  4 iguanas
  4 orc wizards
  A sleepcap (D:6)
  9 gnolls (D:5)
  12 adders
  A shadow imp (D:6)
  An ufetubus (D:5)
  2 worms
  A dart slug (D:3)
  11 orcs
  8 ball pythons
  11 endoplasms
  9 giant cockroaches
  9 goblins
  5 hobgoblins
  4 jackals
  3 quokkas
  13 bats
  5 frilled lizards
  5 kobolds
  5 rats
140 creatures vanquished.

Notes
Turn   | Place    | Note
-------+----------+-------------------------------------------
     0 | D:1      | LowPressure the Minotaur Berserker began the quest for the
                  | Orb.
     0 | D:1      | Reached XP level 1. HP: 19/19 MP: 0/0
   268 | D:1      | Reached XP level 2. HP: 25/27 MP: 1/1
   339 | D:1      | Found a faded altar of an unknown god.
   458 | D:1      | Reached XP level 3. HP: 31/33 MP: 2/2
   474 | D:1      | Reached ** piety under Trog
   810 | D:2      | Reached skill level 1 in Maces & Flails
  1335 | D:3      | Reached XP level 4. HP: 40/40 MP: 3/3
  1430 | D:3      | Found a burning altar of Makhleb.
  1779 | D:3      | Found Kymeb's Weapon Shoppe.
  1909 | D:3      | Reached skill level 2 in Maces & Flails
  2165 | D:4      | Reached XP level 5. HP: 47/47 MP: 4/4
  2239 | D:4      | Reached skill level 3 in Maces & Flails
  2370 | D:4      | Found Vuatateh's Book Shoppe.
  2611 | D:4      | Reached skill level 4 in Maces & Flails
  2611 | D:4      | Reached XP level 6. HP: 11/55 MP: 5/5
  2612 | D:4      | Gained mutation: You are frail. (-10% HP) [potion of
                  | mutation]
  2612 | D:4      | Gained mutation: You have hidden genetic defects. [potion
                  | of mutation]
  2612 | D:4      | Gained mutation: You are clumsy. (Dex -2) [potion of
                  | mutation]
  2633 | D:4      | Gained mutation: Your body sometimes deteriorates upon
                  | taking damage. [hidden defects]
  2746 | D:4      | Reached skill level 5 in Fighting
  2847 | D:4      | Reached skill level 5 in Maces & Flails
  2853 | D:4      | Gained mutation: Your spells are a little easier to cast,
                  | but a little less powerful. [hidden defects]
  2853 | D:4      | Lost mutation: You have hidden genetic defects. [hidden
                  | defects expressed]
  3008 | D:4      | Identified the +4 ring mail of Neppu Peoxu {Int+6}
  3064 | D:5      | Entered Level 5 of the Dungeon
  3081 | D:5      | Noticed an ice beast
  3244 | D:6      | Reached *** piety under Trog
  3411 | D:6      | Noticed an ice beast
  3422 | D:6      | Killed an ice beast
  3423 | D:6      | Reached XP level 7. HP: 45/54 MP: 6/6
  3536 | D:6      | Found a staircase to the Ecumenical Temple.
  3546 | D:6      | Reached skill level 6 in Maces & Flails
  3548 | Temple   | Entered the Ecumenical Temple
  4287 | D:5      | Reached skill level 5 in Dodging
  4287 | D:5      | Noticed Blork the orc
  4297 | D:5      | Killed Blork the orc
  4298 | D:5      | Reached skill level 7 in Maces & Flails
  4392 | D:5      | Found Agar's Armour Shoppe.
  4406 | D:5      | HP: 2/56 [ogre/+0 giant spiked club (17)]
  4408 | D:5      | Reached XP level 8. HP: 5/63 MP: 7/7
  4717 | D:5      | Reached skill level 8 in Maces & Flails
  4804 | D:5      | Identified the orb "Lufenire" {*channel, rPois rF+ Dex-5}
  5311 | D:7      | Slain by a wight

Illustrated notes

Levels and vault maps discovered:
D:1:      dpeg_arrival_long_road, layout_rooms,
          hellmonk_ecumenical_altar_run_dry, minmay_worlds_worst_comb
D:2:      layout_loops_ring
D:3:      layout_loops_corners, nicolae_overflow_crystal_walls, serial_shops,
          shop
D:4:      old_forge, layout_basic, serial_shops, shop
D:5:      layout_cave_pools, serial_shops, shop, nicolae_ossuary_entry_ruins,
          serial_bayou_lake_a, uniq_blork_the_orc
D:6:      layout_loops_corners, minmay_temple_entry_junction, glass_columns_a
D:7:      layout_loops_ring, minmay_statues_item, sigmund_army
Temple:   nicolae_temple_slightly_damp_pantheon

Skill      XL: |  1  2  3  4  5  6  7  8 |
---------------+-------------------------+-----
Fighting       | 4 5 6 |  6.8
Axes           | 4 |  4.6
Maces & Flails | 1 2 4 5 7 8 |  8.9
Dodging        | 3 4 5 |  5.9
Armour         | 3 |  3.3
Stealth        | |  0.1

Action                     |  1- 3 |  4- 6 |  7- 9 || total
---------------------------+-------+-------+-------++-------
  Melee: Hand axe          |    42 |       |       ||    42
         Headbutt          |     6 |    13 |     8 ||    27
         Great mace        |    25 |    94 |    68 ||   187
 Invoke: Berserk           |     1 |     2 |     2 ||     5
         Trog's Hand       |       |     2 |       ||     2
    Use: Potion            |       |     5 |       ||     5
 Armour: Animal skin       |    10 |    41 |    16 ||    67
         Ring mail         |       |       |    13 ||    13
  Dodge: Dodged            |    50 |   122 |    80 ||   252
